 Dungeon Crawl Stone Soup version 0.31-a0-1547-g618ab1f346 (webtiles) character file.

Game seed: 11069046030301919567

79 Flugslaktarn the Trooper (level 4, -1/41 HPs)
             Began as a Minotaur Fighter on Jan 2, 2024.
             Slain by a gnoll
             ... wielding a +0 spear
              (4 damage)
             ... on level 2 of the Dungeon.
             The game lasted 00:00:31 (1080 turns).

Flugslaktarn the Trooper (Minotaur Fighter)         Turns: 1080, Time: 00:00:31

Health: -1/41      AC:  8    Str: 22    XL:     4   Next: 16%
Magic:  3/3        EV:  9    Int:  5    God:
Gold:   68         SH:  4    Dex: 10    Spells: 3/3 levels left

rFire   . . .        a - +0 war axe
rCold   . . .        c - +0 buckler
rNeg    . . .        b - +0 scale mail
rPois   .            (helmet restricted)
rElec   .            (no cloak)
rCorr   .            j - +0 pair of gloves
SInv    .            (no boots)
Will    .....        g - amulet of faith Stlth
                     (no ring)
HPRegen 0.26/turn    (no ring)
MPRegen 0.08/turn

%: faith
@: no status effects
A: horns 2, retaliatory headbutt
a: no special abilities


You were on level 2 of the Dungeon.
You visited 1 branch of the dungeon, and saw 2 of its levels.

You collected 68 gold pieces.

Inventory:

Hand Weapons
 a - a +0 war axe (weapon)
Armour
 b - a +0 scale mail (worn)
 c - a +0 buckler (worn)
 j - a +0 pair of gloves (worn)
   (You found it on level 1 of the Dungeon)
Jewellery
 g - an amulet of faith (around neck)
   (You found it on level 1 of the Dungeon)
Scrolls
 e - a scroll of fear {unknown}
 f - 2 scrolls of identify {unknown}
 h - a scroll of noise {unknown}
 l - a scroll of brand weapon {unknown}
 m - a scroll of vulnerability {unknown}
Potions
 d - a potion of might
 i - a potion of haste {unknown}
 k - a potion of lignification {unknown}


   Skills:
 * Level 4.7 Fighting
 * Level 3.9 Axes
 + Level 4.2 Armour
 - Level 3.6 Shields


You had 3 spell levels left.
You didn't know any spells.
Your spell library contained the following spells:

 Spells                   Type           Power      Damage    Failure   Level
 Magic Dart               Conj           0%         1d3       86%         1
 Searing Ray              Conj           0%         2d4       94%         2
 Fulminant Prism          Conj/Alch      0%         3d5       100%        4


Dungeon Overview and Level Annotations

Branches:
Dungeon (2/15)

Altars:


Innate Abilities, Weirdness & Mutations

You have a pair of horns on your head.
You reflexively headbutt those who attack you in melee.


Message History

You kill the orc!
You block the orc priest's attack.
You slash the orc priest!
You kill the orc priest!
Items here: )) ††.
You open the door.
There is an open door here.
Found a stone staircase leading down.
No target in view!
No target in view!
A goblin comes into view. It is wielding a +0 club.
The goblin shouts!
A goblin is nearby!
A goblin is nearby!
You closely miss the goblin. The goblin closely misses you.
The goblin hits you with a +0 club.
You slash the goblin!
You kill the goblin!
You have reached level 4!
You feel agile.
Things that are here:
a +0 club; a goblin corpse No target in view!
You pick up a book of Conjurations and begin reading...
You add the spells Magic Dart, Searing Ray and Fulminant Prism to your library.
No target in view!
You now have 55 gold pieces (gained 14).
An adder comes into view.
The adder moves out of view.
Found 13 gold pieces.
An adder is nearby!
You miss the adder. The adder bites you. You block the adder's attack.
You miss the adder. The adder barely misses you. You block the adder's attack.
You slash the adder!
The adder is severely wounded.
The adder completely misses you.
You slash the adder!
You kill the adder!
You now have 68 gold pieces (gained 13).
Found a dagger.
No target in view!
A goblin comes into view. It is wielding a +0 club.
Found a scroll labelled ZEROIB SIDGH.
The goblin shouts!
A goblin is nearby!
A goblin is nearby!
You slash the goblin!
You kill the goblin!
No target in view!
No target in view!
No target in view!
No target in view!
m - a scroll labelled ZEROIB SIDGH You see here a +0 club.
No target in view!
You see here a +0 club.
A gnoll comes into view.
It is wielding a +0 flail. 4 gnolls come into view.
The gnoll shouts! x3
The gnoll closely misses you.
There are monsters nearby!
The gnoll hits you with a +0 spear. The gnoll hits you with a +0 flail.
You slash the gnoll!
The gnoll is heavily wounded.
You hit the gnoll but do no damage. The gnoll hits you with a +0 spear.
The gnoll hits you with a +0 flail.
You hit the gnoll but do no damage.
The gnoll is heavily wounded.
You barely miss the gnoll. You hit the gnoll.
The gnoll hits you with a +0 spear. The gnoll hits you with a +0 flail.
You block the gnoll's attack.
You hit the gnoll.
The gnoll is severely wounded.
You hit the gnoll but do no damage. You closely miss the gnoll.
The gnoll barely misses you.
The gnoll hits you but does no damage. x2
The gnoll hits you with a +0 flail.
A hobgoblin comes into view.
The gnoll barely misses you. You block the gnoll's attack. x2
The gnoll hits you but does no damage.
You closely miss the gnoll.
The gnoll is severely wounded.
You completely miss the gnoll.
The hobgoblin shouts!
You hit the gnoll. The gnoll closely misses you.
The gnoll hits you but does no damage. The gnoll hits you with a +0 flail.
The gnoll hits you but does no damage.
You hit the gnoll.
The gnoll is severely wounded.
You hit the gnoll but do no damage. x2; You block the gnoll's attack.
The gnoll hits you but does no damage. The gnoll hits you with a +0 flail. x2
* * * LOW HITPOINT WARNING * * *
You are too injured to fight recklessly!
You are too injured to fight recklessly!
You barely miss the gnoll. You hit the gnoll but do no damage. x2
The gnoll hits you but does no damage. x3; The gnoll hits you with a +0 flail.
* * * LOW HITPOINT WARNING * * *
The gnoll hits you with a +0 flail.
* * * LOW HITPOINT WARNING * * *
The gnoll hits you with a +0 spear.
You die...

#### # #...#.#
######......#
#....#g.....#
#.##.@ggg...#
###.####g.....#
###...## #.)....
###...#..# ...#.#
#####...####.##
..# #
#.....###..#..#
###
...##.##....##.##
.# #..#..#..#..#
##.##)...##.##


You could see 4 gnolls and a hobgoblin.

Vanquished Creatures
  An orc priest (D:2)
  An adder (D:2)
  A ribbon worm (D:2)
  3 orcs (D:2)
  2 ball pythons (D:1)
  6 endoplasms (D:1)
  A giant cockroach (D:1)
  5 goblins
  2 hobgoblins (D:1)
  5 kobolds (D:1)
  A quokka (D:1)
  A bat (D:1)
  2 frilled lizards (D:1)
  3 rats (D:1)
34 creatures vanquished.

Notes
Turn   | Place    | Note
-------+----------+-------------------------------------------
     0 | D:1      | Flugslaktarn the Minotaur Fighter began the quest for the
                  | Orb.
     0 | D:1      | Reached XP level 1. HP: 19/19 MP: 0/0
   235 | D:1      | Reached XP level 2. HP: 23/27 MP: 1/1
   616 | D:1      | Reached XP level 3. HP: 33/33 MP: 2/2
   923 | D:2      | Reached XP level 4. HP: 37/41 MP: 3/3
  1080 | D:2      | Slain by a gnoll

Illustrated notes

Levels and vault maps discovered:
D:1:      scummos_arrival_simple_fountains, layout_basic, minmay_misc_feat_chi
D:2:      minmay_skewed_foursquare, layout_basic

Skill      XL: |  1  2  3 |
---------------+----------+-----
Fighting       | 4 |  4.7
Axes           | 3 |  3.9
Armour         | 4 |  4.2
Shields        | |  3.6

Action                     |  1- 3 |  4- 6 || total
---------------------------+-------+-------++-------
  Melee: War axe           |    49 |    11 ||    60
         Headbutt          |     9 |       ||     9
 Armour: Scale mail        |    36 |    23 ||    59
  Dodge: Dodged            |    18 |     6 ||    24
  Block: Buckler           |    11 |     6 ||    17

Table legend: (Time is in decaauts)
 A = Elapsed time spent in this place.
 B = Non-inter-level travel time spent in this place.
 C = Inter-level travel time spent in this place.
 D = Time resting spent in this place.
 E = Time spent auto-exploring this place.
 F = Levels seen in this place.
 G = Mean time per level.
                   A        B        C        D        E       F      G
               +--------+--------+--------+--------+--------+-----+--------+
         Total |   1101 |   1088 |     13 |      0 |    888 |   2 |  550.5 |
       Dungeon |   1101 |   1088 |     13 |      0 |    888 |   2 |  550.5 |
               +--------+--------+--------+--------+--------+-----+--------+

Top non-repeatable levels by time:
     D:1: 737 daAuts
     D:2: 364 daAuts
